 Dungeon Crawl Stone Soup version 0.28-a0-987-g8383568036 (webtiles) character file.

Game seed: 15561986706842979031

39 GregHouse the Chopper (level 3, -1/33 HPs)
             Began as a Hill Orc Monk on Dec 4, 2021.
             Slain by an orc (3 damage)
             ... on level 2 of the Dungeon.
             The game lasted 00:03:30 (1547 turns).

GregHouse the Chopper (Hill Orc Monk)               Turns: 1547, Time: 00:03:31

Health: -1/33      AC:  6    Str: 15    XL:     3   Next: 45%
Magic:  3/3        EV: 11    Int: 10    God:
Gold:   42         SH:  0    Dex: 13    Spells: 2/2 levels left

rFire   . . .      SeeInvis .   a - +0 hand axe
rCold   . . .      Faith    .   (no shield)
rNeg    . . .      Spirit   .   f - +0 ring mail
rPois   .          Reflect  .   c - +0 helmet
rElec   .          Harm     .   (no cloak)
rCorr   .          Rampage  .   (no gloves)
Will    .....                   (no boots)
Stlth   +.........              (no amulet)
HPRegen 0.11/turn               (no ring)
MPRegen 0.08/turn               (no ring)

@: no status effects
A: no striking features
a: no special abilities


You were on level 2 of the Dungeon.
You visited 1 branch of the dungeon, and saw 3 of its levels.

You collected 42 gold pieces.

Inventory:

Hand Weapons
 a - a +0 hand axe (weapon)
Missiles
 d - 51 stones (quivered)
Armour
 b - a +0 robe
 c - a +0 helmet (worn)
 f - a +0 ring mail (worn)
Scrolls
 e - a scroll of immolation
 g - a scroll of enchant weapon {unknown}
 h - 3 scrolls of identify {unknown}


   Skills:
 + Level 4.0 Fighting
 + Level 4.9 Axes
 + Level 2.7 Dodging
 + Level 1.7 Stealth


You had 2 spell levels left.
You didn't know any spells.
Your spell library was empty.

Dungeon Overview and Level Annotations

Branches:
Dungeon (3/15)

Altars:

Annotations:
D:2 Terence


Message History

The orc wizard points at you and mumbles some strange words.
You resist with significant effort. The orc hits you with a +0 flail!
You closely miss the orc wizard.
The orc wizard is heavily wounded.
You hit the orc.
The orc wizard gestures at you while chanting.
You are confused.
The orc hits you with a +0 flail.
You're too confused to move!
The orc wizard hits you but does no damage.
The orc hits you with a +0 flail.
You closely miss the orc wizard.
The orc wizard is heavily wounded.
You hit the orc but do no damage.
The orc wizard hits you with a +0 dagger.
The orc closely misses you.
You're too confused to move!
The orc wizard closely misses you. The orc hits you with a +0 flail.
You bump into the rock wall.
The orc wizard barely misses you. The orc barely misses you.
You're too confused to move!
The orc hits you with a +0 flail.
The orc wizard hits you but does no damage.
You bump into the rock wall.
The orc wizard closely misses you. The orc hits you with a +0 flail!
* * * LOW HITPOINT WARNING * * *
You closely miss the orc wizard.
The orc wizard is heavily wounded.
You hit the orc.
You feel less confused.
The orc wizard hits you but does no damage.
The orc hits you but does no damage.
You barely miss the orc wizard.
The orc wizard is heavily wounded.
You hit the orc but do no damage. The orc wizard misses you.
The orc hits you with a +0 flail.
* * * LOW HITPOINT WARNING * * *
You hit the orc wizard.
The orc wizard is severely wounded.
You hit the orc but do no damage. The orc hits you with a +0 flail.
You die...

.# #.#### .#
#.#..# #.#...#
.#)###.#..# .....
.#........# #....
.####...<#####....
.# #........#...#
.# ########.##..#
.# #........##o.#
.# #.######## #@#
.# #.# #o# .####.#
#######.# ....#.#
#.......# #####.#
#.#.#####
#.####.#.#
#........#
######.#.# #.#.#


You could see an orc wizard and an orc.

Vanquished Creatures
  An adder (D:2)
  A dart slug (D:1)
  4 ball pythons (D:1)
  3 bats (D:1)
  An endoplasm (D:1)
  2 hobgoblins (D:1)
  4 kobolds (D:1)
  2 quokkas (D:1)
  3 frilled lizards
  4 goblins (D:1)
  2 rats (D:1)
27 creatures vanquished.

Notes
Turn   | Place    | Note
-------+----------+-------------------------------------------
     0 | D:1      | GregHouse the Hill Orc Monk began the quest for the Orb.
     0 | D:1      | Reached XP level 1. HP: 19/19 MP: 1/1
   127 | D:1      | Reached XP level 2. HP: 19/27 MP: 2/2
   298 | D:1      | Found a faded altar of an unknown god.
   781 | D:1      | Reached XP level 3. HP: 32/33 MP: 3/3
  1416 | D:2      | Noticed Terence
  1547 | D:2      | Slain by an orc

Illustrated notes

Levels and vault maps discovered:
D:1:      dpeg_arrival_yet_another_circle, layout_basic,
          hellmonk_ecumenical_altar_blasted
D:2:      layout_basic, hex_intersection, uniq_terence
D:3:      layout_loops_ring, nicolae_ru_the_path_less_chosen,
          chequers_serial_rivers_large_b, st_stairs_11

Skill      XL: |  1  2  3 |
---------------+----------+-----
Fighting       | 4 |  4.0
Axes           | |  4.9
Dodging        | |  2.7
Stealth        | |  1.7

Action                   || total
-------------------------++-------
Melee: Hand axe          ||    86
Armor: Robe              ||     4
       Ring mail         ||    17
Dodge: Dodged            ||    53

Table legend: (Time is in decaauts)
 A = Elapsed time spent in this place.
 B = Non-inter-level travel time spent in this place.
 C = Inter-level travel time spent in this place.
 D = Time resting spent in this place.
 E = Time spent auto-exploring this place.
 F = Levels seen in this place.
 G = Mean time per level.
                   A        B        C        D        E       F      G
               +--------+--------+--------+--------+--------+-----+--------+
         Total |   1557 |   1448 |    109 |    107 |    901 |   3 |  519.0 |
       Dungeon |   1557 |   1448 |    109 |    107 |    901 |   3 |  519.0 |
               +--------+--------+--------+--------+--------+-----+--------+

Top non-repeatable levels by time:
     D:1: 1436 daAuts
     D:2: 119 daAuts
     D:3: 1 daAuts
